 Dungeon Crawl Stone Soup version 0.15-a0-1253-g15b4f57 (webtiles) character file.

282 BluebellGnoll the Covert (level 6, -1/37 HPs)
             Began as a Kobold Assassin on June 4, 2014.
             Slain by an ogre
             ... wielding a +0,+0 giant club
              (17 damage)
             ... on Level 3 of the Dungeon.
             The game lasted 00:18:07 (3386 turns).

BluebellGnoll the Covert (Kobold Assassin)          Turns: 3386, Time: 00:18:07

HP  -1/37        AC  4     Str 10      XL: 6   Next: 54%
MP   6/6         EV 17     Int  9      God:
Gold 90          SH  0     Dex 22      Spells:  0 memorised,  5 levels left

rFire  . . .     SeeInvis +     k - +2,+0 short sword (venom)
rCold  . . .     Clarity  .     q - +1 robe
rNeg   . . .     rCorr    .     (no shield)
rPois  .         rRot     .     (no helmet)
rElec  .         Spirit   .     d - +0 cloak
SustAb .         Warding  .     (no gloves)
rMut   .         Stasis   .     (no boots)
Gourm  .                        (no amulet)
MR     .....                    n - ring of see invisible
                                s - +3 ring of dexterity

@: not resistant to hostile enchantments, quite stealthy
A: carnivore 3
a: no special abilities


You were on level 3 of the Dungeon.
You were full.

You visited 1 branch of the dungeon, and saw 4 of its levels.

You collected 90 gold pieces.

Inventory:

Hand weapons
 b - a +0 blowgun
 k - a +2,+0 short sword of venom (weapon)
 p - a +3,+2 dagger of speed
Missiles
 e - 5 poisoned needles
 f - 2 curare-tipped needles
Armour
 d - a +0 cloak (worn)
 q - a +1 robe (worn)
Magical devices
 o - a wand of polymorph (15)
Comestibles
 g - 2 meat rations
 t - a slice of pizza
Scrolls
 c - a scroll of amnesia {unknown}
 h - 3 scrolls of remove curse
 l - a scroll of identify
 r - a scroll of fear {unknown}
 u - a scroll of fog
Jewellery
 a - an uncursed ring of fire {unknown}
 n - a ring of see invisible (right hand)
 s - a +3 ring of dexterity (left hand)
Potions
 i - 3 potions of curing
 j - a potion of flight {unknown}
 m - a potion of restore abilities {unknown}
 v - a potion of poison {unknown}


   Skills:
 * Level 3.1 Fighting
 - Level 4.7 Short Blades
 - Level 2.6 Throwing
 + Level 3.0 Dodging
 - Level 8.1 Stealth


You had 5 spell levels left.
You didn't know any spells.

Dungeon Overview and Level Annotations

Branches:
Dungeon (4/15)
 Temple: D:4-7

Altars:
Cheibriados
Elyvilon
Trog


Innate Abilities, Weirdness & Mutations

You are small and have problems with some larger weapons.
You are carnivorous and can eat meat at any time.


Message History

The ogre is lightly wounded.
Things that are here:
a dagger; a robe
Items here: % ) [[ a dagger; a robe; a leather armour; an orc corpse
Items here: % )) [ a flail; a scale mail; a falchion; a rotting orc corpse
There is a stone staircase leading up here.
The ogre hits you with a giant club!!
Ouch! That really hurt!
You climb upwards.
There is a stone staircase leading down here.
Things that are here:
a +2,+2 antimagic whip; a +0,+3 dagger; a +2,+2 dagger The ogre misses you.
There is an open door here.
You hit the ogre.
The ogre is poisoned.
The ogre is severely wounded.
The ogre hits you with a giant club!
You die...

+##### #.# #.#
.....##########.### ##'#######
......#...........# #...).....
...%..............### #.........
.....##.............####.........
.....##...........#....#.........
.....#######.#########.'.........
'##### #.....## ###......... .#
#####@.# ####'##### ## ##O#
#....# ##########'### #######'##
##### #............####.........
....# #............#..'.........
....# #............#.##.........
....####.>..........+.##.........
....'..#............####.........
....##.#..).........# #.........


You could see an ogre.

Vanquished Creatures
  2 orc priests (D:4)
  2 orc wizards (D:4)
  Jessica (D:2)
  Terence (D:2)
  3 gnolls (D:2)
  3 adders
  A giant mite (D:2)
  A worm (D:3)
  4 giant geckos
  2 oozes (D:3)
  6 orcs
  7 bats
  4 giant cockroaches
  7 goblins
  6 hobgoblins
  A ball python (D:1)
  5 giant newts
  9 kobolds
  A kobold zombie (D:4)
  12 rats
78 creatures vanquished.

Vanquished Creatures (others)
  A scorpion (D:4)
  A rat (D:4)
2 creatures vanquished.

Grand Total: 80 creatures vanquished

Notes
Turn   | Place    | Note
--------------------------------------------------------------
     0 | D:1      | BluebellGnoll, the Kobold Assassin, began the quest for the Orb.
     0 | D:1      | Reached XP level 1. HP: 12/12 MP: 1/1
   216 | D:1      | Reached XP level 2. HP: 11/17 MP: 2/2
   386 | D:1      | Reached skill level 6 in Stealth
   499 | D:1      | Found a snail-covered altar of Cheibriados.
   584 | D:1      | Reached XP level 3. HP: 21/21 MP: 3/3
   970 | D:2      | Found a bloodstained altar of Trog.
   981 | D:2      | Noticed Terence
   984 | D:2      | Killed Terence
   984 | D:2      | Reached XP level 4. HP: 26/26 MP: 4/4
  1029 | D:2      | Noticed Jessica
  1036 | D:2      | Killed Jessica
  1036 | D:2      | Reached skill level 7 in Stealth
  1318 | D:2      | Reached XP level 5. HP: 21/30 MP: 5/5
  2288 | D:3      | Found a white marble altar of Elyvilon.
  2308 | D:3      | Reached skill level 8 in Stealth
  3012 | D:4      | Reached XP level 6. HP: 11/36 MP: 6/6
  3331 | D:4      | Noticed an ogre
  3386 | D:3      | Slain by an ogre

Action                   |  1- 3 |  4- 6 || total
-------------------------+-------+-------++-------
Melee: Dagger            |    92 |   126 ||   218
       Short sword       |       |    26 ||    26
 Fire: Blowgun           |       |    18 ||    18
Throw: Throwing net      |       |     2 ||     2
Evoke: Wand              |       |     1 ||     1
  Use: Scroll            |       |     6 ||     6
       Potion            |       |     1 ||     1
 Stab: Sleeping          |     6 |    13 ||    19
       Held in net/web   |       |     1 ||     1
